 Dungeon Crawl Stone Soup version 0.27-a0-1245-g940ed4fa31 (webtiles) character file.

Game seed: 18187244892611410776

2 rabbitsville the Chiller (level 1, -27/13 HPs)
             Began as a Merfolk Ice Elementalist on June 10, 2021.
             Was a Believer of Lugonu.
             Killed by an exploding jackal (31 damage)
             ... ignited by their inner flame
             ... on level 1 of the Dungeon.
             The game lasted 00:05:33 (505 turns).

rabbitsville the Chiller (Merfolk Ice Elementalist)  Turns: 505, Time: 00:05:33

Health: -27/13     AC:  2    Str:  8    XL:     1   Next: 40%
Magic:  0/3        EV: 12    Int: 14    God:    Lugonu [**....]
Gold:   0          SH:  0    Dex: 14    Spells: 3/4 levels left

rFire    . . .     SeeInvis .   (no weapon)
rCold    . . .     Faith    .   (no shield)
rNeg     . . .     Spirit   .   a - +0 robe
rPois    .         Reflect  .   (no helmet)
rElec    .         Harm     .   (no cloak)
rCorr    .         Rampage  .   (no gloves)
Will     .....                  (no boots)
Stlth    ++........             (no amulet)
HPRegen  0.04/turn              (no ring)
MPRegen  0.08/turn              (no ring)

@: no status effects
A: (nimble swimmer 2), mertail
a: Renounce Religion, Depart the Abyss, Bend Space


You were on level 1 of the Dungeon.
You worshipped Lugonu.
Lugonu was pleased with you.
You visited 1 branch of the dungeon, and saw 1 of its levels.

Inventory:

Armour
 a - a +0 robe (worn)


   Skills:
 + Level 2.7 Dodging
 + Level 2.2 Stealth
 + Level 2.0 Spellcasting
 + Level 4.5 Ice Magic


You had 3 spell levels left.
You knew the following spells:

 Your Spells              Type           Power      Damage    Failure   Level
a - Freeze                Ice            56%        1d7       3%          1

Your spell library contained the following spells:

 Spells                   Type           Power      Damage    Failure   Level
 Frozen Ramparts          Ice            28%        1d4       11%         3
 Ozocubu's Armour         Ice            14%        N/A       11%         3
 Hailstorm                Conj/Ice       7%         3d4       67%         4
 Metabolic Englaciation   Hex/Ice        3%         N/A       95%         5


Dungeon Overview and Level Annotations

Branches:
Dungeon (1/15)

Altars:
Lugonu


Innate Abilities, Weirdness & Mutations

((You are quick and stealthy near water. (Stealth+, EV+, Speed+++)))
Your lower body shifts to a powerful aquatic tail in water.


Message History

The jackal is lightly wounded.
The jackal closely misses you.
Casting: Freeze (safe; 3% risk of failure)
Confirm with . or Enter, or press ? or * to list all spells.
Aiming: Freeze (safe; 3% risk of failure)
Press: ? - help, Shift-Dir - straight line, f/p - jackal
Aim: a jackal (lightly wounded)
You freeze the jackal.
The jackal is moderately wounded.
The jackal misses you. x2
Space bends around you!
You blink.
The jackal misses you.
The jackal bites you but does no damage.
The jackal barely misses you. x2
The jackal completely misses you.
You see here a scroll labelled MIECUM PIPOUSI.
As you read the scroll labelled IKLYUD IM ROE, it crumbles to dust.
The creatures around you are filled with an inner flame!
It was a scroll of immolation.
The jackal completely misses you. The jackal barely misses you.
The jackal bites you. x2
The jackal barely misses you.
The jackal bites you but does no damage.
You aren't carrying any scrolls.
The jackal bites you. x2; The jackal barely misses you.
The jackal misses you. The jackal closely misses you.
Casting: Freeze (safe; 3% risk of failure)
Confirm with . or Enter, or press ? or * to list all spells.
Aiming: Freeze (safe; 3% risk of failure)
Press: ? - help, Shift-Dir - straight line, f/p - jackal
Aim: a jackal (moderately wounded, inner flame)
You freeze the jackal.
Flame seeps out of the jackal.
The jackal is almost dead.
The jackal closely misses you.
The jackal is engulfed in blazing flames.
Lugonu accepts your kill.
The jackal explodes!
The fiery explosion engulfs you!!
Ouch! That really hurt!
You die...

#.# .# #.# .#
#.#####.# ##### #
#.......# ....#
#.#.......# ###.#
#.#.#.....# #.#
#......§§.#
##.########.#..h○.#
#...........#..@.§#
♣##.##########.....#
.##............###.#
#P#.############ .#
P##.# .# ♣P#.#
#####.# .♣#.#
#...#.# ..#.#
#...#.# ≈.#.# #...#


You could see a jackal (inner flame).

Vanquished Creatures
  A hobgoblin (D:1)
  2 jackals (D:1)
3 creatures vanquished.

Notes
Turn   | Place    | Note
-------+----------+-------------------------------------------
     0 | D:1      | rabbitsville the Merfolk Ice Elementalist began the quest
                  | for the Orb.
     0 | D:1      | Reached XP level 1. HP: 13/13 MP: 3/3
   146 | D:1      | Found a faded altar of an unknown god.
   154 | D:1      | Became a worshipper of Lugonu the Unformed
   154 | D:1      | Reached * piety under Lugonu
   154 | D:1      | Reached ** piety under Lugonu
   505 | D:1      | Killed by an exploding jackal... ignited by their inner
                  | flame

Illustrated notes

Levels and vault maps discovered:
D:1:      tarquinn_simple_flora_water_d, layout_basic, basic_ecumenical_altar

Action                   || total
-------------------------++-------
 Cast: Freeze            ||     5
Invok: Bend Space        ||     1
  Use: Scroll            ||     1
Armor: Robe              ||     2
Dodge: Dodged            ||    15

Table legend: (Time is in decaauts)
 A = Elapsed time spent in this place.
 B = Non-inter-level travel time spent in this place.
 C = Inter-level travel time spent in this place.
 D = Time resting spent in this place.
 E = Time spent auto-exploring this place.
 F = Levels seen in this place.
 G = Mean time per level.
                   A        B        C        D        E       F      G
               +--------+--------+--------+--------+--------+-----+--------+
         Total |    503 |    503 |      0 |     39 |      0 |   1 |  503.0 |
       Dungeon |    503 |    503 |      0 |     39 |      0 |   1 |  503.0 |
               +--------+--------+--------+--------+--------+-----+--------+

Top non-repeatable levels by time:
     D:1: 503 daAuts
